 Dungeon Crawl Stone Soup version 0.27-a0-1149-g4505690ab0 (webtiles) character file.

Game seed: 17329022275149369839

1992 Azzok the Digger (level 9, -6/51 HPs)
             Began as an Octopode Earth Elementalist on May 13, 2021.
             Was an Initiate of Vehumet.
             Shot with an arrow by a centaur (9 damage)
             ... on level 6 of the Dungeon.
             The game lasted 00:07:41 (7092 turns).

Azzok the Digger (Octopode Earth Elementalist)      Turns: 7092, Time: 00:07:41

Health: -6/51      AC:  1    Str:  7    XL:     9   Next: 21%
Magic:  1/18       EV: 13    Int: 26    God:    Vehumet [......]
Gold:   156        SH:  0    Dex: 13    Spells: 12/21 levels left

rFire    . . .     SeeInvis .   p - +3 dagger (venom)
rCold    . . .     Faith    .   (no shield)
rNeg     . . .     Spirit   .   (helmet restricted)
rPois    .         Reflect  .   (no amulet)
rElec    .         Harm     .   l - +6 ring of intelligence
rCorr    .         Rampage  .   (no ring)
Will     .....                  (no ring)
Stlth    +++.......             (no ring)
HPRegen  0.17/turn              (no ring)
MPRegen  0.16/turn              (no ring)
                                (no ring)
                                (no ring)

@: studying Air Magic
A: almost no armour, amphibious, 8 rings, camouflage 1, gelatinous body 1,
(nimble swimmer 1), tentacles
a: Renounce Religion


You were on level 6 of the Dungeon.
You worshipped Vehumet.
Vehumet was noncommittal.
You visited 2 branches of the dungeon, and saw 7 of its levels.

You collected 156 gold pieces.

Inventory:

Hand Weapons
 a - a +1 short sword of holy wrath
 c - a +1 dagger of flaming
 p - a +3 dagger of venom (weapon)
Missiles
 b - 142 stones
 x - 7 atropa-tipped darts
Armour
 s - a +0 kite shield
Jewellery
 l - a +6 ring of intelligence (left tentacle)
 r - a ring of see invisible
Wands
 o - a wand of flame (32)
Scrolls
 d - 2 scrolls of teleportation {unknown}
 e - a scroll of immolation {unknown}
 h - 2 scrolls of fog {unknown}
 i - a scroll of amnesia {unknown}
 j - 7 scrolls of identify {unknown}
 m - a scroll of fear {unknown}
 n - a scroll of enchant armour {unknown}
 w - 2 scrolls of blinking {unknown}
Potions
 f - a potion of invisibility {unknown}
 g - 2 potions of curing {unknown}
 k - a potion of brilliance {unknown}
 q - a potion of degeneration {unknown}
 t - a potion of lignification {unknown}
 u - a potion of haste {unknown}
 v - 3 potions of ambrosia {unknown}
 z - a potion of mutation {unknown}


   Skills:
 - Level 2.0 Dodging
 - Level 2.6 Stealth
 + Level 6.6 Spellcasting
 + Level 6.4 Conjurations
 - Level 1.0 Transmutations
 + Level 7.5 Earth Magic


You had 12 spell levels left.
You knew the following spells:

 Your Spells              Type           Power      Damage    Failure   Level
a - Sandblast             Erth           96%        2d20      1%          1
b - Stone Arrow           Conj/Erth      88%        3d12      1%          3
c - Lee's Rapid Deconstr  Erth           24%        3d14*     9%          5

Your spell library contained the following spells:

 Spells                   Type           Power      Damage    Failure   Level
 Magic Dart               Conj           100%       1d8       1%          1
 Passwall                 Tmut/Erth      25%        N/A       1%          2
 Beastly Appendage        Tmut           26%        N/A       4%          1
 Conjure Flame            Conj/Fire      25%        6-21      5%          3
 Animate Skeleton         Necr           16%        N/A       7%          1
 Apportation              Tloc           16%        N/A       7%          1
 Corona                   Hex            8%         N/A       7%          1
 Summon Small Mammal      Summ           32%        N/A       7%          1
 Wereblood                Tmut           13%        N/A       7%          2
 Mephitic Cloud           Conj/Pois/Air  19%        N/A       9%          3
 Blink                    Tloc           N/A        N/A       10%         2
 Call Imp                 Summ           8%         N/A       10%         2
 Slow                     Hex            8%         N/A       10%         2
 Petrify                  Tmut/Erth      30%        N/A       11%         4
 Spider Form              Tmut/Pois      5%         N/A       16%         3
 Ice Form                 Ice/Tmut       11%        N/A       47%         4
 Hydra Form               Tmut           6%         N/A       77%         5


Dungeon Overview and Level Annotations

Branches:
Dungeon (6/15)             Temple (1/1) D:5

Altars:
Ashenzari
Dithmenos
Elyvilon
Fedhas
Gozag
Kikubaaqudgha
Makhleb
Nemelex Xobeh
Okawaru
Ru
Uskayaw
Vehumet
Xom
Yredelemnul
Zin
The Shining One

Shops:
D:5 [


Innate Abilities, Weirdness & Mutations

You cannot wear most types of armour.
You are amphibious.
You can wear up to eight rings at the same time.
Your skin changes colour to match your surroundings (Stealth+).
Your rubbery body absorbs attacks. (AC +1, EV +1)
((You are camouflaged near water. (Stealth+)))
You have tentacles for arms and can constrict up to eight enemies at once.


Message History

Casting: Stone Arrow (safe; 1% risk of failure)
Confirm with . or Enter, or press ? or * to list all spells.
Aiming: Stone Arrow (safe; 1% risk of failure)
Press: ? - help, Shift-Dir - straight line, f - howler monkey
Aim: a howler monkey (catching its breath, 73% to hit)
The stone arrow hits the howler monkey!!
You kill the howler monkey!
Vehumet accepts your kill.
* * * LOW MAGIC WARNING * * *
A centaur skeleton comes into view.
A centaur comes into view.
The centaur shouts!
The centaur wields a +0 shortbow.
The centaur shoots an arrow.
The arrow barely misses you.
The centaur shoots an arrow.
The arrow hits you!
The centaur shoots an arrow.
The arrow hits you.
The centaur shoots an arrow.
The arrow hits you!
The centaur shoots an arrow.
The arrow hits you!
A centaur is nearby!
Casting: Stone Arrow (safe; 1% risk of failure)
Confirm with . or Enter, or press ? or * to list all spells.
Aiming: Sandblast (safe; 1% risk of failure)
Press: ? - help, Shift-Dir - straight line, f - centaur
Aim: a centaur, wielding a +0 shortbow and quivering arrows (90% to hit)
The blast of sand hits the centaur!
The centaur is severely wounded.
* * * LOW MAGIC WARNING * * *
The centaur shoots an arrow.
The arrow hits you!
* * * LOW HITPOINT WARNING * * *
The centaur shoots an arrow.
The arrow completely misses you.
Casting: Sandblast (safe; 1% risk of failure)
Confirm with . or Enter, or press ? or * to list all spells.
Aiming: Sandblast (safe; 1% risk of failure)
Press: ? - help, Shift-Dir - straight line, f/p - centaur
Aim: a centaur, wielding a +0 shortbow and quivering arrows (heavily wounded, 90% to hit)
The blast of sand hits the centaur but does no damage.
The centaur is heavily wounded.
* * * LOW MAGIC WARNING * * *
The centaur shoots an arrow.
The arrow hits you!
You die...

··▒▒▒·············▒▒
·········<·········▒
▒▒···············▒
▒···············▒
▒····<··········▒
▒···<····)······▒
▒····(··········▒
▒▒·············▒▒
▒▒·······@···▒▒
▒▒▒▒▒▒c▒▒▒▒▒▒ ▒···▒
▒▒▒·▒ ▒·▒▒▒ ▒▒▒▒▒▒▒
▒···▒ ··)····
··▒▒▒▒c▒▒·†·····
▒·c······†Z·····
▒▒▒▒▒▒·▒▒·······


You could see a centaur.

Vanquished Creatures
  Grinder (D:3)
  Sigmund (D:3)
  2 sky beasts (D:5)
  An ice beast (D:5)
  2 necrophages
  4 ogres
  A phantom (D:5)
  A wyvern zombie (D:5)
  A scorpion (D:5)
  2 howler monkeys
  3 hounds
  2 bullfrog skeletons (D:5)
  A scorpion zombie (D:5)
  2 iguanas
  Natasha (thrice) (D:4)
  4 orc wizards (D:4)
  A hound skeleton (D:5)
  Robin (D:3)
  8 adders
  A shadow imp (D:5)
  An ufetubus (D:5)
  An adder skeleton (D:4)
  2 worms (D:2)
  2 dart slugs
  7 orcs
  7 ball pythons
  7 bats
  5 endoplasms
  4 giant cockroaches
  5 hobgoblins
  6 jackals
  7 quokkas
  2 frilled lizards (D:2)
  11 goblins
  6 kobolds
  9 rats
124 creatures vanquished.

Notes
Turn   | Place    | Note
-------+----------+-------------------------------------------
     0 | D:1      | Azzok the Octopode Earth Elementalist began the quest for
                  | the Orb.
     0 | D:1      | Reached XP level 1. HP: 11/11 MP: 3/3
   387 | D:1      | Reached XP level 2. HP: 8/17 MP: 3/5
   877 | D:1      | Found a faded altar of an unknown god.
  1379 | D:1      | Reached XP level 3. HP: 21/21 MP: 6/6
  1468 | D:1      | You fall into a shaft and drop 1 floor!
  1698 | D:2      | Found a shimmering altar of Xom.
  1824 | D:2      | Learned a level 3 spell: Stone Arrow
  1982 | D:2      | Reached XP level 4. HP: 23/27 MP: 2/8
  2171 | D:2      | Reached skill level 1 in Conjurations
  2414 | D:2      | Reached skill level 4 in Earth Magic
  3122 | D:3      | Noticed Sigmund
  3133 | D:3      | Killed Sigmund
  3134 | D:3      | Reached XP level 5. HP: 27/31 MP: 5/10
  3134 | D:3      | Reached XP level 6. HP: 31/36 MP: 5/11
  3370 | D:3      | Noticed Grinder
  3372 | D:3      | Paralysed by Grinder for 7 turns
  3377 | D:3      | Noticed Robin
  3658 | D:3      | Killed Grinder
  3659 | D:3      | Reached skill level 5 in Earth Magic
  3659 | D:3      | Reached XP level 7. HP: 27/41 MP: 5/13
  3869 | D:3      | Found a sacrificial altar of Ru.
  3934 | D:3      | Killed Robin
  4190 | D:4      | Noticed Natasha
  4198 | D:4      | Killed Natasha
  4220 | D:4      | Noticed Natasha
  4226 | D:4      | Killed Natasha
  4674 | D:4      | Found a hide-covered altar of Uskayaw.
  5184 | D:4      | Noticed Natasha
  5187 | D:4      | Killed Natasha
  5241 | D:4      | Learned a level 5 spell: Lee's Rapid Deconstruction
  5259 | D:5      | Entered Level 5 of the Dungeon
  5271 | D:5      | Reached skill level 5 in Spellcasting
  5345 | D:5      | Found Dusk's Armour Boutique.
  5350 | D:5      | Reached skill level 6 in Earth Magic
  5350 | D:5      | Reached XP level 8. HP: 46/46 MP: 8/15
  5677 | D:5      | Reached skill level 5 in Conjurations
  5878 | D:5      | Found a glowing silver altar of Zin.
  6132 | D:5      | Reached skill level 7 in Earth Magic
  6402 | D:5      | Found a staircase to the Ecumenical Temple.
  6450 | Temple   | Entered the Ecumenical Temple
  6508 | Temple   | Became a worshipper of Vehumet
  6668 | D:5      | Reached XP level 9. HP: 29/51 MP: 13/18
  7092 | D:6      | Shot with an arrow by a centaur

Illustrated notes

Levels and vault maps discovered:
D:1:      sevenhm_arrival_forest_fort_small_5, layout_rooms,
          shapermc_ecumenical_altar_mp_ritualfount, roderic_serpentine_path,
          minmay_split_cup_small
D:2:      layout_basic, basic_altar, kennysheep_small_spiral, chequers_garden,
          chequers_arboretum, roderic_lattice_a, minmay_3d_cube
D:3:      layout_basic, nicolae_overflow_crystal_walls, uniq_grinder,
          uniq_sigmund, uniq_robin
D:4:      layout_basic, nicolae_uskayaw_murder_on_the_dancefloor, minmay_puff,
          uniq_natasha
D:5:      layout_basic, zin_statuary, minmay_temple_entry_nine_rooms,
          serial_shops, nicolae_shop_stone
D:6:      layout_rooms, nzn_overflow_gifts_of_might_and_magic,
          dk_noncrumbling_2, corexii_checkpoint_a, minmay_misc_feat_five
Temple:   dshaligram_water_room_temple

Skill      XL: |  1  2  3  4  5  6  7  8  9 |
---------------+----------------------------+-----
Spellcasting   | 3 4 5 6 |  6.6
Conjurations   | 2 3 4 5 6 |  6.4
Earth Magic    | 4 5 6 7 |  7.5
Dodging        | |  2.0
Stealth        | |  2.6
Transmutations | |  1.0

Action                   |  1- 3 |  4- 6 |  7- 9 || total
-------------------------+-------+-------+-------++-------
Melee: Unarmed           |    13 |       |       ||    13
       Constrict         |    12 |     7 |     4 ||    23
       Tentacles         |     7 |     2 |       ||     9
       Dagger            |    36 |    31 |    11 ||    78
       Staff             |     4 |       |       ||     4
 Cast: Sandblast         |    20 |    14 |    43 ||    77
       Stone Arrow       |       |       |    57 ||    57
 Stab: Sleeping          |    12 |     9 |       ||    21
Armor: Skin              |     6 |     3 |     1 ||    10
Dodge: Dodged            |    33 |    15 |    33 ||    81

Table legend: (Time is in decaauts)
 A = Elapsed time spent in this place.
 B = Non-inter-level travel time spent in this place.
 C = Inter-level travel time spent in this place.
 D = Time resting spent in this place.
 E = Time spent auto-exploring this place.
 F = Levels seen in this place.
 G = Mean time per level.
                   A        B        C        D        E       F      G
               +--------+--------+--------+--------+--------+-----+--------+
         Total |   7094 |   6927 |    167 |   1891 |   4220 |   7 | 1013.4 |
       Dungeon |   7023 |   6869 |    154 |   1891 |   4167 |   6 | 1170.5 |
        Temple |     71 |     58 |     13 |      0 |     53 |   1 |   71.0 |
               +--------+--------+--------+--------+--------+-----+--------+

Top non-repeatable levels by time:
     D:5: 1678 daAuts
     D:1: 1674 daAuts
     D:4: 1475 daAuts
     D:2: 1413 daAuts
     D:3: 695 daAuts
     D:6: 85 daAuts
  Temple: 71 daAuts
